 Dungeon Crawl Stone Soup version 0.28-a0-461-g2dc4ca5097 (webtiles) character file.

Game seed: 1891358019493815547

60 SkeletonJelly the Firebug (level 3, -4/22 HPs)
             Began as a Deep Elf Cinder Acolyte on Sept 14, 2021.
             Was a High Priest of Ignis.
             Killed by divine providence
             ... invoked by an orc priest
              (13 damage)
             ... on level 3 of the Dungeon.
             The game lasted 00:05:18 (2814 turns).

SkeletonJelly the Firebug (Deep Elf Cinder Acolyte) Turns: 2814, Time: 00:05:18

Health: -4/22      AC:  2    Str: 12    XL:     3   Next: 82%
Magic:  1/7        EV: 11    Int: 18    God:    Ignis [*****.]
Gold:   97         SH:  0    Dex: 10    Spells: 3/5 levels left

rFire   + + .      SeeInvis .   a - -1 falchion (flame)
rCold   x . .      Faith    .   (no shield)
rNeg    . . .      Spirit   .   b - +0 robe
rPois   .          Reflect  .   (no helmet)
rElec   .          Harm     .   (no cloak)
rCorr   .          Rampage  .   (no gloves)
Will    .....                   (no boots)
Stlth   +.........              (no amulet)
HPRegen 0.07/turn               k - ring of fire
MPRegen 0.10/turn               (no ring)

@: no status effects
A: no striking features
a: Renounce Religion, Sea of Fire, Foxfire Swarm, Rising Flame


You were on level 3 of the Dungeon.
You worshipped Ignis.
Ignis was extremely pleased with you.
You visited 1 branch of the dungeon, and saw 3 of its levels.

You collected 97 gold pieces.

Inventory:

Hand Weapons
 a - a -1 falchion of flaming (weapon)
Missiles
 c - 9 poisoned darts
 g - 3 javelins
Armour
 b - a +0 robe (worn)
Jewellery
 k - a ring of fire (left hand)
Scrolls
 e - a scroll of vulnerability {unknown}
 f - a scroll of enchant armour {unknown}
 h - a scroll of identify {unknown}
 i - 2 scrolls of amnesia {unknown}
 l - a scroll of noise {unknown}
Potions
 d - a potion of berserk rage {unknown}
 j - a potion of haste
 m - a potion of mutation {unknown}


   Skills:
 - Level 2.4 Fighting
 - Level 3.0 Long Blades
 - Level 1.5 Spellcasting
 + Level 5.1 Fire Magic


You had 3 spell levels left.
You knew the following spells:

 Your Spells              Type           Power      Damage    Failure   Level
a - Scorch                Fire           58%        2d8       3%          2

Your spell library contained the following spells:

 Spells                   Type           Power      Damage    Failure   Level
 Animate Dead             Necr           0%         N/A       88%         4
 Haunt                    Necr/Summ      0%         N/A       100%        7
 Infestation              Necr           0%         N/A       100%        8


Dungeon Overview and Level Annotations

Branches:
Dungeon (3/15)

Altars:
Elyvilon
Fedhas
Gozag
Yredelemnul

Shops:
D:3 (


Message History

You can't see any susceptible monsters within range! (Use Z to cast anyway.)
An orc is nearby!
The orc shouts!
You feel a surge of power!
Flames lash the orc.
You kill the orc!
You now have 3/7 mp.
You can't see any susceptible monsters within range! (Use Z to cast anyway.)
You can't see any susceptible monsters within range! (Use Z to cast anyway.)
You can't see any susceptible monsters within range! (Use Z to cast anyway.)
You can't see any susceptible monsters within range! (Use Z to cast anyway.)
You now have 97 gold pieces (gained 15).
Things that are here:
a +0 dagger; a +0 scale mail MP restored: 7
There is an open door here.
You pick up a book of Death and begin reading...
You add the spells Animate Dead, Haunt and Infestation to your library.
There is an open door here.
Things that are here:
a +0 dagger; a stone
There is an open door here.
There is a stone staircase leading up here.
A goblin comes into view. It is wielding a +0 club.
The goblin shouts!
A goblin is nearby!
A goblin is nearby!
You feel a surge of power!
Flames lash the goblin.
You kill the goblin!
You now have 5/7 mp.
You can't see any susceptible monsters within range! (Use Z to cast anyway.)
You can't see any susceptible monsters within range! (Use Z to cast anyway.)
You can't see any susceptible monsters within range! (Use Z to cast anyway.)
You can't see any susceptible monsters within range! (Use Z to cast anyway.)
Things that are here:
a +0 club; a goblin corpse; MP restored: 7 Key pressed, stopping explore.
You open the door.
Found Xoppeggu's Antique Weapon Shop.
There is an open door here.
There is an entrance to Xoppeggu's Antique Weapon Shop here.
Unknown command.
Unknown command.
You open the door.
There is an open door here.
Key pressed, stopping explore.
Key pressed, stopping explore.
Found a stone staircase leading down.
l - a scroll labelled HEKHIL YQ DOD Key pressed, stopping explore.
Key pressed, stopping explore.
Key pressed, stopping explore.
There is a basalt altar of Yredelemnul here.
Key pressed, stopping explore.
m - a metallic cyan potion As you open the door, it creaks loudly!
An adder, 3 orcs and an orc priest come into view.
The orc shouts! x3; The orc priest shouts!
There are monsters nearby!
There are monsters nearby!
There are monsters nearby!
The orc priest calls down the wrath of Beogh upon you.
Pain shoots through your body!
Ouch! That really hurt!
The adder hisses angrily.
There is an open door here.
You take 13 damage, and have 9/22 hp.
MASSIVE DAMAGE!!
You are too injured to fight recklessly!
You close the door.
An orc opens the door.
There's a creature in the doorway!
There's a creature in the doorway!
There's a creature in the doorway!
Casting: Scorch (safe; 3% risk of failure)
Confirm with . or Enter, or press ? or * to list all spells.
You feel a surge of power!
Flames lash the orc.
The orc is heavily wounded.
The orc's fire resistance burns away.
The orc hits you with a +0 club.
You take 3 damage, and have 8/22 hp.
You now have 5/7 mp.
The orc is no longer more vulnerable to fire.
Casting: Scorch (safe; 3% risk of failure)
Confirm with . or Enter, or press ? or * to list all spells.
You feel a surge of power!
Flames lash the adder.
The adder is heavily wounded.
The adder's fire resistance burns away.
The orc misses you.
You now have 3/7 mp.
The adder is no longer more vulnerable to fire.
The orc closely misses you.
Casting: Scorch (safe; 3% risk of failure)
Confirm with . or Enter, or press ? or * to list all spells.
You feel a surge of power!
Flames lash the orc.
You kill the orc!
You now have 2/7 mp.
The adder closely misses you.
Casting: Scorch (safe; 3% risk of failure)
Confirm with . or Enter, or press ? or * to list all spells.
You feel a surge of power!
Flames lash the orc.
You kill the orc!
The orc priest invokes the aid of Beogh against you.
Beogh smites you!
Ouch! That really hurt!
You die...

#### #... #.## #.# #.# #.#
#######
######################≈§§≈≈≈
#...o)o.).S@......##........
#.###############....#≈≈≈≈≈§
#.# #.########## #o# #.# #.#
#.# #.# #.# #o# #.# #.# #.#
#.# #.#
#.###############.#######.##
#.#.........................


You could see an orc priest, an adder and an orc.

Vanquished Creatures
  3 adders
  A worm (D:2)
  3 orcs (D:3)
  2 bats (D:1)
  2 endoplasms
  A giant cockroach (D:1)
  3 goblins
  A hobgoblin (D:1)
  2 kobolds
  4 quokkas
  2 ball pythons
  4 rats
28 creatures vanquished.

Notes
Turn   | Place    | Note
-------+----------+-------------------------------------------
     0 | D:1      | SkeletonJelly the Deep Elf Cinder Acolyte began the quest
                  | for the Orb.
     0 | D:1      | Reached XP level 1. HP: 13/13 MP: 5/5
   349 | D:1      | Found a faded altar of an unknown god.
   434 | D:1      | Reached XP level 2. HP: 18/18 MP: 6/6
   735 | D:1      | Reached skill level 4 in Fire Magic
  1153 | D:2      | Reached XP level 3. HP: 14/22 MP: 7/7
  1761 | D:2      | Learned a level 2 spell: Scorch
  2213 | D:3      | Found a basalt altar of Yredelemnul.
  2334 | D:3      | Found a white marble altar of Elyvilon.
  2334 | D:3      | Found a blossoming altar of Fedhas.
  2334 | D:3      | Found an opulent altar of Gozag.
  2336 | D:3      | Reached skill level 5 in Fire Magic
  2442 | D:3      | Found Xoppeggu's Antique Weapon Shop.
  2814 | D:3      | Killed from afar by an orc priest

Illustrated notes

Levels and vault maps discovered:
D:1:      dpeg_arrival_rhombus, layout_basic,
          chequers_ecumenical_altar_simple_redux, chequers_serial_rivers_micro_e
D:2:      layout_loops_corners
D:3:      layout_basic, mainiacjoe_overflow_catwalk, lemuel_tele_altar,
          mainiacjoe_overflow_divided_tiny, yredelemnul_altar_generic,
          serial_shops, nicolae_shop_behind_doors,
          amcnicky_mini_rare_corridor_liquid

Skill      XL: |  1  2  3 |
---------------+----------+-----
Long Blades    | 3 |  3.0
Fire Magic     | 4 5 |  5.1
Fighting       | |  2.4
Spellcasting   | |  1.5

Action                   || total
-------------------------++-------
Melee: Falchion          ||    41
Throw: Javelin           ||     4
 Cast: Scorch            ||    14
  Use: Potion            ||     2
Armor: Robe              ||    13
Dodge: Dodged            ||    26

Table legend: (Time is in decaauts)
 A = Elapsed time spent in this place.
 B = Non-inter-level travel time spent in this place.
 C = Inter-level travel time spent in this place.
 D = Time resting spent in this place.
 E = Time spent auto-exploring this place.
 F = Levels seen in this place.
 G = Mean time per level.
                   A        B        C        D        E       F      G
               +--------+--------+--------+--------+--------+-----+--------+
         Total |   2801 |   2764 |     37 |      0 |   2523 |   3 |  933.7 |
       Dungeon |   2801 |   2764 |     37 |      0 |   2523 |   3 |  933.7 |
               +--------+--------+--------+--------+--------+-----+--------+

Top non-repeatable levels by time:
     D:2: 1059 daAuts
     D:1: 1018 daAuts
     D:3: 724 daAuts
